 Dungeon Crawl Stone Soup version 0.26-a0-572-g753d7e3450 (webtiles) character file.

Game seed: 13920609438441298397

5 Gargoyl the Skirmisher (level 1, 23/23 HPs)
             Began as a Gnoll Abyssal Knight on Aug 21, 2020.
             Was an Initiate of Lugonu.
             Quit the game on level 1 of the Dungeon.
             The game lasted 00:00:46 (456 turns).

Gargoyl the Skirmisher (Gnoll Abyssal Knight)        Turns: 456, Time: 00:00:47

Health: 23/23      AC:  6    Str: 14    XL:     1   Next: 80%
Magic:  12/12      EV: 11    Int: 14    God:    Lugonu [......]
Gold:   23         SH:  0    Dex: 14    Spells: 0/0 levels left

rFire    . . .     SeeInvis .   a - +1 hand axe
rCold    . . .     Faith    .   (no shield)
rNeg     . . .     Spirit   .   c - +0 ring mail
rPois    .         Reflect  .   (no helmet)
rElec    .         Harm     .   (no cloak)
rCorr    .                      (no gloves)
MR       .....                  (no boots)
Stlth    +.........             (no amulet)
HPRegen  0.07/turn              d - ring of magical power
MPRegen  0.13/turn              (no ring)

@: no status effects
A: distributed training, fangs 1, strong nose
a: Renounce Religion


You were on level 1 of the Dungeon.
You worshipped Lugonu.
Lugonu was noncommittal.
You visited 1 branch of the dungeon, and saw 1 of its levels.
You visited the Abyss 1 time.

You collected 23 gold pieces.

Inventory:

Hand Weapons
 a - a +1 hand axe (weapon)
Armour
 c - a +0 ring mail (worn)
Jewellery
 d - a ring of magical power (left hand)


   Skills:
 + Level 6.4 Fighting
 + Level 0.1 Short Blades
 + Level 0.1 Long Blades
 + Level 4.4 Axes
 + Level 0.1 Maces & Flails
 + Level 0.1 Polearms
 + Level 0.1 Staves
 + Level 0.1 Slings
 + Level 0.1 Bows
 + Level 0.1 Crossbows
 + Level 0.1 Throwing
 + Level 4.4 Armour
 + Level 2.4 Dodging
 + Level 0.1 Stealth
 + Level 0.1 Shields
 + Level 0.1 Unarmed Combat
 + Level 0.1 Spellcasting
 + Level 0.1 Conjurations
 + Level 0.1 Hexes
 + Level 0.1 Summonings
 + Level 0.1 Necromancy
 + Level 0.1 Translocations
 + Level 0.1 Transmutations
 + Level 0.1 Fire Magic
 + Level 0.1 Ice Magic
 + Level 0.1 Air Magic
 + Level 0.1 Earth Magic
 + Level 0.1 Poison Magic
 + Level 4.4 Invocations
 + Level 0.1 Evocations


You couldn't memorise any spells.
You didn't know any spells.
Your spell library was empty.

Dungeon Overview and Level Annotations

Branches:
Dungeon (1/15)

Altars:


Innate Abilities, Weirdness & Mutations

Your experience applies equally to all skills.
You have very sharp teeth.
Your uncanny sense of smell can sniff out nearby items.


Message History

You slash the goblin!
You kill the goblin!
Lugonu accepts your kill.
You hit the kobold but do no damage. The kobold completely misses you.
You completely miss the kobold. Your punch misses the kobold.
The kobold barely misses you.
Your ring mail prevents you from hitting the kobold.
Your bite misses the kobold. The kobold barely misses you.
You barely miss the kobold. The kobold hits you but does no damage.
The kobold barely misses you.
You barely miss the kobold. The kobold hits you but does no damage.
You hit the kobold.
You kill the kobold!
Lugonu accepts your kill.
Things that are here:
a kobold corpse; a goblin corpse A kobold comes into view.
The kobold moves out of view.
A kobold is nearby!
Are you sure you want to abandon this character and quit the game? (Confirm with "yes".)

.## ..# ... #.. #.#
#.# #.# #.# #.# #.#
#.#
#.#####.##########.#
#..................###
#####@#######...†.(...
#K# #.#.#.#### ...
#.#.#.# .#.#. #
#.#.#.# #.#....
..#.#.#.# # #.#
###...).#)# ...
#.....#.#### #.#
###.........(.
##.........####


You could see a kobold.

Vanquished Creatures
  A giant cockroach (D:1)
  A goblin (D:1)
  A hobgoblin (D:1)
  A kobold (D:1)
4 creatures vanquished.

Vanquished Creatures (others)
  6 starspawn tentacles (Abyss:1)
6 creatures vanquished.

Grand Total: 10 creatures vanquished

Notes
Turn   | Place    | Note
-------+----------+-------------------------------------------
     0 | Abyss:1  | Gargoyl the Gnoll Abyssal Knight began the quest for the
                  | Orb.
     0 | Abyss:1  | Reached XP level 1. HP: 23/23 MP: 3/3
    79 | Abyss:1  | Noticed a wraith
   108 | Abyss:1  | Noticed an ancient zyme
   120 | Abyss:1  | Noticed a tentacled starspawn
   120 | Abyss:1  | Noticed a large abomination
   156 | Abyss:1  | Noticed a tentacled monstrosity
   156 | Abyss:1  | Noticed an ice beast
   159 | Abyss:1  | Noticed a small abomination
   160 | Abyss:1  | Noticed a balrug
   163 | D:1      | Escaped the Abyss
   456 | D:1      | Quit the game

Illustrated notes

Levels and vault maps discovered:
D:1:      scummos_arrival_hexagon, layout_loops_ring

Action                   || total
-------------------------++-------
Melee: Hand axe          ||    11
       Bite              ||     1
Invok: Depart the Abyss  ||     1
  Use: Scroll            ||     1
       Potion            ||     1
Armor: Ring mail         ||     3
Dodge: Dodged            ||    10

Table legend: (Time is in decaauts)
 A = Elapsed time spent in this place.
 B = Non-inter-level travel time spent in this place.
 C = Inter-level travel time spent in this place.
 D = Time resting spent in this place.
 E = Time spent auto-exploring this place.
 F = Levels seen in this place.
 G = Mean time per level.
                   A        B        C        D        E       F      G
               +--------+--------+--------+--------+--------+-----+--------+
         Total |    437 |    437 |      0 |     65 |    267 |   2 |  218.5 |
       Dungeon |    293 |    293 |      0 |     65 |    190 |   1 |  293.0 |
         Abyss |    144 |    144 |      0 |      0 |     77 |   1 |  144.0 |
               +--------+--------+--------+--------+--------+-----+--------+

Top non-repeatable levels by time:
     D:1: 293 daAuts
 Abyss:1: 144 daAuts
